 Dungeon Crawl Stone Soup version 0.21-a0-414-gba8bdf1 (webtiles) character file.

69 Laiders the Digger (level 4, -1/24 HPs)
             Began as a Gargoyle Earth Elementalist on Nov 2, 2017.
             Slain by a gnoll
             ... wielding a +0 spear
              (5 damage)
             ... on level 2 of the Dungeon.
             The game lasted 00:06:50 (1656 turns).

Laiders the Digger (Gargoyle Earth Elementalist)    Turns: 1656, Time: 00:06:51

Health: -1/24      AC:  6    Str: 11    XL:     4   Next: 20%
Magic:  2/7        EV: 12    Int: 17    God:
Gold:   84         SH:  0    Dex: 10    Spells: 4/8 levels left

rFire    . . .     SeeInvis .   p - +0 whip
rCold    + . .     Gourm    .   (no shield)
rNeg     + . .     Faith    .   c - +0 robe
rPois    ∞         Spirit   .   (no helmet)
rElec    +         Reflect  .   (no cloak)
rCorr    .         Harm     .   i - +0 pair of gloves
MR       .....                  (no boots)
Stlth    ++........             (no amulet)
HPRegen  0.08/turn              a - ring of protection from cold
MPRegen  0.10/turn              (no ring)

@: no status effects
A: negative energy resistance 1, electricity resistance, unbreathing,
petrification resistance, rot immunity, AC +3
a: no special abilities


You were on level 2 of the Dungeon.
You were not hungry.

You visited 1 branch of the dungeon, and saw 2 of its levels.

You collected 84 gold pieces.

Inventory:

Hand Weapons
 p - a +0 whip (weapon)
Missiles
 b - 37 stones (quivered)
Armour
 c - a +0 robe (worn)
 i - a +0 pair of gloves (worn)
Jewellery
 a - a ring of protection from cold (left hand)
Scrolls
 f - a scroll of teleportation {unknown}
 j - a scroll of enchant armour {unknown}
 m - a scroll of identify
 o - a scroll of blinking {unknown}
Potions
 k - a potion of flight
 l - a potion of curing
Books
 e - a book of Geomancy

   Spells                             Type                      Level
   a - Sandblast                      Earth                        1
   b - Passwall                       Transmutation/Earth          2
   c - Stone Arrow                    Conjuration/Earth            3
   d - Petrify                        Transmutation/Earth          4
   e - Lee's Rapid Deconstruction     Earth                        5
Comestibles
 d - a bread ration
 g - 2 chunks of flesh
 h - a royal jelly


   Skills:
 - Level 1.5 Dodging
 - Level 2.1 Stealth
 + Level 2.5 Spellcasting
   Level 0.7 Transmutations
 + Level 5.5 Earth Magic


You had 4 spell levels left.
You knew the following spells:

 Your Spells              Type           Power        Failure   Level  Hunger
a - Sandblast             Erth           ###...       1%          1    #......
b - Stone Arrow           Conj/Erth      ##....       17%         3    ###....


Dungeon Overview and Level Annotations

Branches:
Dungeon (2/15)

Altars:


Innate Abilities, Weirdness & Mutations

You are resistant to torment.
Your stone body is resilient. (AC +3)
You are immune to poison.
You resist negative energy. (rN+)
You are resistant to electric shocks. (rElec)
You can survive without breathing.
You are immune to petrification.
You are immune to rotting.


Message History

The gnoll hits you from afar with a spear.
You rip the net and break free!
The gnoll hits you from afar with a spear.
* * * LOW HITPOINT WARNING * * *
Okay, then.
Okay, then.
A gnoll comes into view.
The gnoll moves out of view.
A kobold comes into view. It is wielding a dagger.
The kobold shouts!
The kobold throws a stone.
The stone hits you but does no damage.
Found a bread ration.
You see here a stone.
Casting: Sandblast
Confirm with . or Enter, or press ? or * to list all spells.
You don't have enough magic to cast that spell.
The kobold throws a stone.
The stone hits you but does no damage.
You see here a stone.
The gnoll hits you from afar with a spear.
You die...

#.# .%.K #.# ..♣ #.#
..♣ #.# ..♣.♣ #.#
#.♣.♣ #.# #.♣.♣ #.#
######.♣.♣ #.#
#...@((♣.♣ #†#
#......♣.♣ #.#
#.....g♣.♣ #.#
#........########.##
#........).).......#
#.......############
###............
##.P♣P.########
##..P♣P♣.#


You could see a gnoll.

Vanquished Creatures
  2 gnolls (D:2)
  An adder (D:2)
  A worm (D:2)
  2 dart slugs (D:1)
  3 bats (D:1)
  2 goblins (D:1)
  4 hobgoblins
  8 jackals (D:1)
  6 kobolds
  A ball python (D:1)
  A frilled lizard (D:1)
  2 rats
33 creatures vanquished.

Notes
Turn   | Place    | Note
-------+----------+-------------------------------------------
     0 | D:1      | Laiders the Gargoyle Earth Elementalist began the quest for the Orb.
     0 | D:1      | Reached XP level 1. HP: 10/10 MP: 3/3
   150 | D:1      | Reached skill level 4 in Earth Magic
   214 | D:1      | Reached XP level 2. HP: 15/15 MP: 0/5
  1024 | D:1      | Reached XP level 3. HP: 19/19 MP: 4/6
  1035 | D:1      | Reached skill level 5 in Earth Magic
  1412 | D:2      | Learned a level 3 spell: Stone Arrow
  1443 | D:2      | Found a faded altar of an unknown god.
  1634 | D:2      | Reached XP level 4. HP: 24/24 MP: 3/7
  1656 | D:2      | Slain by a gnoll

Vault maps used:
D:1:      saegor_arrival_simple_c
D:2:      serial_forest, infiniplex_forest_clump_small,
          infiniplex_forest_straight_3, infiniplex_forest_clump_C,
          infiniplex_forest_straight_4, chequers_ecumenical_altar_twisty,
          first_bread, lemuel_tele_altar

Skill      XL: |  1  2  3 |
---------------+----------+-----
Earth Magic    | 4 5 |  5.5
Dodging        | |  1.5
Stealth        | |  2.1
Spellcasting   | |  2.5
Transmutations | |  0.7

Action                   |  1- 3 |  4- 6 || total
-------------------------+-------+-------++-------
Melee: Unarmed           |    18 |       ||    18
       Dagger            |     3 |       ||     3
 Cast: Sandblast         |    39 |     4 ||    43
  Use: Scroll            |     3 |       ||     3
  Eat: Chunk             |     3 |       ||     3
Armor: Robe              |    11 |     1 ||    12
Dodge: Dodged            |    28 |     1 ||    29

Table legend:
 A = Spawn XP
 B = Non-spawn XP
 C = Spawn XP percentage of total XP
 D = Spawn monster count
 E = Non-spawn monster count
 F = Spawn count percentage of total count
 G = Total turns spent on level
                    A         B        C        D         E        F      G
               +---------+---------+-------+---------+---------+-------+---------
         Total |       0 |      99 |   0.0 |       0 |      33 |   0.0 |  1656
               +---------+---------+-------+---------+---------+-------+---------
           D:1 |       0 |      44 |   0.0 |       0 |      24 |   0.0 |  1406
           D:2 |       0 |      55 |   0.0 |       0 |       9 |   0.0 |   250
               +---------+---------+-------+---------+---------+-------+---------
